[Event "Team 45 45 League T66"]
[Site "Internet Chess Club"]
[Date "2015.10.04"]
[Round "5"]
[White "CaptK"]
[Black "MikeTtheGuru"]
[Result "1/2-1/2"]
[WhiteElo "1891"]
[BlackElo "2023"]
[Opening "Queen's Indian: 4.Nc3"]
[ECO "E12"]
[Time "21:04:19"]
[TimeControl "2700+45"]

1. d4 Nf6 2. Nf3 e6 3. c4 b6 4. Nc3 Bb7 5. Bg5 h6 6. Bh4 Be7 7. e3 O-O 8. Bd3 c5
9. O-O cxd4 10. exd4 d5 11. Bxf6 Bxf6 12. cxd5 exd5 13. Bc2 Nc6 14. Qd3 g6 15.
a3 Qd7 16. Ne2 Rac8 17. Rac1 Kg7 18. Ng3 Rh8 19. b4 Rc7 20. Ba4 Qc8 21. Rc2 Nd8
22. Rfc1 Rxc2 23. Rxc2 Qb8 24. Bd7 Qd6 25. Qf5 Nc6 26. Qg4 Kh7 27. Bxc6 Bxc6 28.
Ne5 Ba4 29. Re2 Qc7 30. Qf4 Bxe5 31. Qxe5 Qc1+ 32. Re1 Qc3 33. Qe7 Kg7 34. Qe5+
Kh7 35. Qe3 Qxe3 36. Rxe3 Rc8 37. h3 Rc7 38. Ne2 Kg7 39. Nf4 Rd7 40. Re5 Bb3 41.
Re3 Bc4 42. h4 g5 43. hxg5 hxg5 {Game drawn by mutual agreement} 1/2-1/2

[Event "Team 45 45 League T66"]
[Site "Internet Chess Club"]
[Date "2015.10.03"]
[Round "5"]
[White "elmaestro"]
[Black "Gojira"]
[Result "0-1"]
[WhiteElo "1751"]
[BlackElo "1652"]
[Opening "Sicilian: accelerated fianchetto, modern variation"]
[ECO "B34"]
[Time "23:19:53"]
[TimeControl "2700+45"]

1. e4 c5 2. Nf3 Nc6 3. d4 cxd4 4. Nxd4 g6 5. Nc3 Bg7 6. Be3 Nf6 7. f3 O-O 8. Bc4
Qb6 9. Bb3 Nxe4 10. Nd5 Qa5+ 11. c3 Nc5 12. Nxc6 bxc6 13. Nxe7+ Kh8 14. Bd4 Re8
15. Bxg7+ Kxg7 16. Qd4+ f6 17. O-O Rxe7 18. Qd6 Re5 19. Bc4 Nb7 20. Qd2 Qc5+ 21.
Qd4 d5 22. Ba6 Qxd4+ 23. cxd4 Re7 24. Rac1 Na5 25. Bd3 Bd7 26. b4 Nb7 27. Ba6
Nd6 28. Bd3 Rb8 29. a3 Nb5 30. Bxb5 Rxb5 31. Kf2 Rb8 32. Rfe1 Rbe8 33. Rxe7+
Rxe7 34. Rc5 Kf7 35. Ra5 Bf5 36. Ra6 Rc7 37. Ra5 Bd3 38. Ke3 Bc4 39. a4 a6 40.
Rc5 Ke6 41. b5 axb5 42. axb5 Bxb5 43. Rc3 Ra7 44. Kf4 Ra2 45. Re3+ Kd6 46. Kg3
Re2 47. Rb3 Rd2 48. Rb4 Rc2 49. Rb1 Rd2 50. Rb4 Bc4 51. Rb7 h5 52. Rg7 g5 53.
Rf7 Ke6 54. Rc7 Bb5 55. h4 gxh4+ 56. Kxh4 Rxg2 57. Kxh5 Kf5 58. Kh4 Kf4 59. Kh3
Rg3+ 60. Kh4 Rxf3 61. Rg7 Ke4 62. Kg4 Rf1 63. Re7+ Kxd4 {White resigns} 0-1

[Event "Team 45 45 League T66"]
[Site "Internet Chess Club"]
[Date "2015.10.06"]
[Round "5"]
[White "clarinetref"]
[Black "pishd"]
[Result "1/2-1/2"]
[WhiteElo "1661"]
[BlackElo "1757"]
[Opening "French: exchange variation"]
[ECO "C01"]
[Time "08:10:29"]
[TimeControl "2700+45"]

1. e4 e6 2. d4 d5 3. exd5 exd5 4. Bd3 Nc6 5. c3 Bd6 6. Ne2 Qf6 7. Be3 Bg4 8. Qd2
h6 9. Na3 a6 10. Nc2 Bf5 11. Bxf5 Qxf5 12. Bf4 Bxf4 13. Nxf4 g5 14. Nd3 O-O-O
15. Ne3 Qg6 16. O-O-O f5 17. f4 Nf6 18. Ne5 Nxe5 19. fxe5 Ne4 20. Qc2 f4 21. Ng4
Rhg8 22. Rhe1 Qe6 23. Nf2 Nxf2 24. Qxf2 {Game drawn by mutual agreement} 1/2-1/2